 Dungeon Crawl Stone Soup version 0.31-a0-229-g1fc7ce93e2 (webtiles) character file.

Game seed: 8258081919896155230

12279 LynnLen the Unseen (level 11, 0/54 HPs)
             Began as a Spriggan Enchanter on July 7, 2023.
             Was a Priest of Dithmenos.
             Slain by a komodo dragon (28 damage)
             ... on level 1 of the Lair of Beasts.
             The game lasted 00:28:08 (10414 turns).

LynnLen the Unseen (Spriggan Enchanter)            Turns: 10414, Time: 00:28:09

Health: 0/54       AC:  6    Str:  4    XL:     11   Next: 60%
Magic:  17/21      EV: 23    Int: 21    God:    Dithmenos [***...]
Gold:   616        SH:  0    Dex: 19    Spells: 14/22 levels left

rFire   . . .        g - +8 short sword of Past Mistakes {elec, Will++ Dex+3}
rCold   + . .        (no shield)
rNeg    . . .        b - +0 robe
rPois   .            J - +2 hat
rElec   .            o - +1 cloak
rCorr   .            (gloves unavailable)
SInv    +            (boots unavailable)
Will    +++..        (no amulet)
Stlth   +++++++++    h - ring of protection from cold
HPRegen 0.29/turn    (no ring)
MPRegen 0.17/turn

%: no passive effects
@: wreathed by umbra, very quick
A: very small, no large weapons, unfitting armour, see invisible, speed 3
a: Renounce Religion, Shadow Step


You were on level 1 of the Lair of Beasts.
You worshipped Dithmenos.
Dithmenos was most pleased with you.
You visited 3 branches of the dungeon, and saw 12 of its levels.

You collected 616 gold pieces.

Inventory:

Hand Weapons
 g - the +8 short sword of Past Mistakes (weapon) {elec, Will++ Dex+3}
   (You found it on level 3 of the Dungeon)

   Dex:       It affects your dexterity (+3).
   Will:      It greatly increases your willpower.
Missiles
 I - 11 poisoned darts
Armour
 b - a +0 robe (worn)
 o - a +1 cloak (worn)
 J - a +2 hat (worn)
Jewellery
 h - a ring of protection from cold (left hand)
 A - a ring of wizardry
 F - an amulet of faith
Wands
 m - a wand of roots (3) (quivered)
 v - a wand of flame (52)
 B - a wand of charming (19)
 C - a wand of acid (10)
Scrolls
 a - a scroll of brand weapon
 d - 5 scrolls of fear
 e - 2 scrolls of revelation
 f - 2 scrolls of noise {unknown}
 j - 3 scrolls of immolation
 n - a scroll of fog {unknown}
 r - a scroll of acquirement {unknown}
 s - 3 scrolls of poison
 t - 3 scrolls of teleportation
 u - a scroll of torment {unknown}
 y - 2 scrolls of enchant armour {unknown}
 E - 2 scrolls of vulnerability {unknown}
 K - a scroll of enchant weapon {unknown}
Potions
 c - 2 potions of invisibility
 i - 3 potions of heal wounds
 k - a potion of might
 l - a potion of mutation {unknown}
 p - a potion of haste {unknown}
 q - 2 potions of lignification
 w - 4 potions of enlightenment {unknown}
 x - 2 potions of curing {unknown}
 z - a potion of resistance {unknown}
 D - a potion of degeneration {unknown}
 G - 2 potions of berserk rage {unknown}
 H - a potion of attraction {unknown}


   Skills:
 + Level 4.9 Fighting
 + Level 7.1 Short Blades
 + Level 8.0 Dodging
 * Level 16.1 Stealth
 + Level 6.4 Spellcasting
 * Level 11.8 Hexes
 - Level 3.4 Ice Magic
 + Level 0.7 Invocations


You had 14 spell levels left.
You knew the following spells:

 Your Spells              Type           Power      Damage    Failure   Level
a - Ensorcelled Hibernat  Hex/Ice        76%        N/A       1%          2
b - Confusing Touch       Hex            54%        N/A       1%          3
c - Tukima's Dance        Hex            54%        N/A       1%          3

Your spell library contained the following spells:

 Spells                   Type           Power      Damage    Failure   Level
 Dazzling Flash           Conj/Hex       62%        N/A       2%          3
 Inner Flame              Hex/Fire       31%        N/A       2%          3
 Portal Projectile        Hex/Tloc       62%        N/A       2%          3
 Ozocubu's Armour         Ice            21%        N/A       7%          3
 Apportation              Tloc           12%        N/A       10%         1
 Beastly Appendage        Tmut           12%        N/A       10%         1
 Magic Dart               Conj           24%        1d4       10%         1
 Necrotise                Necr           24%        1d5       10%         1
 Summon Small Mammal      Summ           24%        N/A       10%         1
 Metabolic Englaciation   Hex/Ice        19%        N/A       12%         5
 Call Imp                 Summ           12%        N/A       14%         2
 Wereblood                Tmut           6%         N/A       14%         2
 Mephitic Cloud           Conj/Pois/Air  6%         N/A       28%         3
 Spider Form              Tmut/Pois      6%         N/A       28%         3
 Volatile Blastmotes      Fire/Tloc      12%        2d11      28%         3
 Flame Wave               Conj/Fire      6%         2d5       67%         4
 Iskenderun's Mystic Bla  Conj/Tloc      6%         2d4       67%         4
 Petrify                  Tmut/Erth      6%         N/A       67%         4
 Sticky Flame             Conj/Fire      6%         2d3       67%         4
 Blade Hands              Tmut           3%         N/A       95%         5
 Simulacrum               Ice/Necr       6%         N/A       100%        6
 Starburst                Conj/Fire      3%         6d3       100%        6


Dungeon Overview and Level Annotations

Branches:
Dungeon (10/15)            Temple (1/1) D:6            Lair (1/5) D:10
    Orc: D:9-12

Altars:
Ashenzari
Cheibriados
Dithmenos
Elyvilon
Fedhas
Gozag
Hepliaklqana
Kikubaaqudgha
Makhleb
Nemelex Xobeh
Okawaru
Qazlal
Ru
Sif Muna
Trog
Uskayaw
Vehumet
Wu Jian
Xom
Yredelemnul
Zin
The Shining One

Shops:
D:4 :   D:9 =

Annotations:
Lair:1 Gastronok


Innate Abilities, Weirdness & Mutations

You are very small and have problems with some larger weapons.
You are too small for most types of armour.
You have supernaturally acute eyesight. (SInv)
You cover ground extremely quickly. (Speed+++)


Message History

Press: ? - help, Shift-Dir - straight line, f/p - blink frog
Aim: a blink frog (umbra, chance to affect: 48%)
The blink frog looks drowsy...
The helpless blink frog fails to defend itself.
You spit the blink frog like a pig!!!!
You kill the blink frog!
Dithmenos accepts your kill.
A blink frog comes into view.
Gastronok waves his eye-stalks in wide circles.
The air twists around and strikes you!!
Ouch! That really hurt!
* * * LOW HITPOINT WARNING * * *
You emit a cloud of dark smoke.
You see here a blink frog corpse.
You see here a cane toad corpse.
You see here 3 stones.
You start resting.
Magic restored.
You start resting.
A komodo dragon is nearby!
Casting: Ensorcelled Hibernation (safe; 1% risk of failure)
Confirm with . or Enter, or press ? or * to list all spells.
Okay, then.
Casting: Ensorcelled Hibernation (safe; 1% risk of failure)
Confirm with . or Enter, or press ? or * to list all spells.
Aiming: Ensorcelled Hibernation (safe; 1% risk of failure)
Press: ? - help, Shift-Dir - straight line, f - komodo dragon
Aim: a komodo dragon (wandering, hasn't noticed you, umbra, chance to affect: 48%)
The komodo dragon hisses angrily.
The komodo dragon resists with some effort.
The komodo dragon completely misses you.
Casting: Ensorcelled Hibernation (safe; 1% risk of failure)
Confirm with . or Enter, or press ? or * to list all spells.
Aiming: Ensorcelled Hibernation (safe; 1% risk of failure)
Press: ? - help, Shift-Dir - straight line, f/p - komodo dragon
Aim: a komodo dragon (umbra, chance to affect: 48%)
The komodo dragon resists with some effort.
The komodo dragon bites you!!
Ouch! That really hurt!
You die...

#.......#
##>....>.#
#........#
##.......###
##........#
#P.......####
#......#..#.#
#.†........#
#.....@#...##
##...l#.#...#
#....#####..#
#.....###...#
#...#..#...##
#..###...#.#
#.####..####
#...##....#
#.#.....#..#


You could see a komodo dragon.

Vanquished Creatures
  A two-headed ogre (D:9)
  A boulder beetle (D:9)
  Pikel (D:8)
  An ugly thing (D:10)
  4 gargoyles (D:8)
  A black mamba (Lair:1)
  2 cane toads (Lair:1)
  An unseen horror (D:10)
  A troll (D:8)
  3 hornets (D:8)
  A blink frog (Lair:1)
  A wraith (D:10)
  12 yaks
  A wyvern (D:9)
  A dancing weapon (D:9)
  A vampire (D:10)
  2 steam dragons
  3 water moccasins
  3 orc warriors
  A sky beast (D:8)
  5 ice beasts
  3 black bears
  2 ogres
  A centaur (D:10)
  A lemure (D:8)
  2 kobold brigands
  4 bullfrogs
  2 gnoll sergeants
  A scorpion (D:6)
  8 wights
  11 killer bees
  3 howler monkeys
  A bullfrog zombie (D:4)
  2 hounds (D:5)
  6 orc priests
  A sleepcap (D:8)
  2 gnoll boudas
  Ijyb (D:4)
  A hell rat (D:10)
  6 iguanas
  4 orc wizards
  2 scorpion zombies (D:4)
  A statue (D:3)
  2 hound zombies (D:4)
  21 gnolls
  5 adders
  A river rat (D:10)
  A shadow imp (D:8)
  5 adder zombies (D:4)
  2 worms
  2 dart slugs
  29 orcs
  2 ball pythons
  9 endoplasms
  4 giant cockroaches
  8 goblins
  A hobgoblin (D:2)
  A quokka (D:3)
  A bat (D:2)
  2 frilled lizards (D:3)
  17 kobolds
  2 quokka zombies (D:4)
  A rat (D:3)
228 creatures vanquished.

Vanquished Creatures (collateral kills)
  3 wights
  A gnoll (D:9)
4 creatures vanquished.

Vanquished Creatures (others)
  2 dancing weapons
2 creatures vanquished.

Grand Total: 234 creatures vanquished

Notes
Turn   | Place    | Note
-------+----------+-------------------------------------------
     0 | D:1      | LynnLen the Spriggan Enchanter began the quest for the Orb.
     0 | D:1      | Reached XP level 1. HP: 9/9 MP: 5/5
   209 | D:1      | Found a faded altar of an unknown god.
   489 | D:2      | Reached XP level 2. HP: 13/13 MP: 6/6
   492 | D:2      | Learned a level 2 spell: Ensorcelled Hibernation
   539 | D:2      | Reached skill level 5 in Stealth
   913 | D:2      | Reached XP level 3. HP: 16/16 MP: 8/8
   986 | D:2      | Got the Excursus on the Mantle and the Tundra
  1149 | D:3      | Identified the +8 short sword of Past Mistakes {elec,
                  | Will++ Dex+3}
  1259 | D:3      | Reached skill level 6 in Stealth
  1259 | D:3      | Reached XP level 4. HP: 21/21 MP: 6/10
  1369 | D:3      | Found a radiant altar of Vehumet.
  1369 | D:3      | Noticed a charred statue
  1376 | D:3      | Killed a charred statue
  1613 | D:3      | Reached skill level 7 in Stealth
  1733 | D:4      | Noticed a black bear
  1734 | D:4      | Killed a black bear
  1735 | D:4      | Reached XP level 5. HP: 24/24 MP: 10/12
  1801 | D:4      | Reached skill level 5 in Hexes
  1807 | D:4      | Noticed an ice beast
  1819 | D:3      | Learned a level 3 spell: Confusing Touch
  1823 | D:3      | Learned a level 3 spell: Tukima's Dance
  1863 | D:4      | Killed an ice beast
  1864 | D:4      | Reached skill level 8 in Stealth
  1864 | D:4      | Reached XP level 6. HP: 18/28 MP: 10/14
  2116 | D:4      | Found Fauhohi's Book Shoppe.
  2192 | D:4      | Found a snail-covered altar of Cheibriados.
  2309 | D:4      | Identified the +1 robe "Xofoaph" {Drain rElec rF+++ Will-}
  2361 | D:4      | Reached skill level 9 in Stealth
  2602 | D:4      | Reached XP level 7. HP: 23/32 MP: 15/15
  2612 | D:4      | Found a bloodstained altar of Trog.
  2769 | D:4      | Noticed Ijyb
  2816 | D:4      | Killed Ijyb
  2906 | D:5      | Entered Level 5 of the Dungeon
  3060 | D:5      | Reached skill level 10 in Stealth
  3583 | D:5      | Reached XP level 8. HP: 37/37 MP: 16/16
  3900 | D:6      | Reached skill level 1 in Fighting
  3957 | D:6      | Reached skill level 11 in Stealth
  3957 | D:6      | Reached skill level 1 in Ice Magic
  4234 | D:6      | Found a staircase to the Ecumenical Temple.
  4247 | Temple   | Entered the Ecumenical Temple
  4444 | D:6      | Found a sparkling altar of Nemelex Xobeh.
  4449 | D:6      | Found a burning altar of Makhleb.
  4449 | D:6      | Found a blossoming altar of Fedhas.
  4449 | D:6      | Found a glowing golden altar of the Shining One.
  4449 | D:6      | Found an iron altar of Okawaru.
  4449 | D:6      | Found a shadowy altar of Dithmenos.
  4451 | D:6      | Found a basalt altar of Yredelemnul.
  4452 | D:6      | Found a shimmering blue altar of Sif Muna.
  4453 | D:6      | Found a hide-covered altar of Uskayaw.
  4460 | D:6      | Became a worshipper of Dithmenos the Shadowed
  5654 | D:7      | Found a shimmering altar of Xom.
  5881 | D:7      | Reached skill level 12 in Stealth
  5881 | D:7      | Reached XP level 9. HP: 42/42 MP: 17/17
  6281 | D:7      | Reached skill level 5 in Dodging
  6405 | D:7      | Reached * piety under Dithmenos
  6810 | D:8      | Noticed Pikel
  6880 | D:8      | Killed Pikel
  6881 | D:8      | Reached skill level 5 in Short Blades
  6881 | D:8      | Reached skill level 13 in Stealth
  7127 | D:8      | Noticed a troll
  7134 | D:8      | Killed a troll
  7167 | D:8      | Noticed a gargoyle
  7169 | D:8      | Killed a gargoyle
  7170 | D:8      | Reached XP level 10. HP: 49/49 MP: 18/18
  7171 | D:8      | Noticed a gargoyle
  7176 | D:8      | Killed a gargoyle
  7266 | D:8      | Noticed a gargoyle
  7268 | D:8      | Killed a gargoyle
  7271 | D:8      | Noticed a gargoyle
  7272 | D:8      | Killed a gargoyle
  7273 | D:8      | Reached skill level 14 in Stealth
  7375 | D:8      | Reached skill level 10 in Hexes
  7581 | D:8      | Found a glowing silver altar of Zin.
  7774 | D:8      | Reached skill level 5 in Spellcasting
  7996 | D:9      | Reached ** piety under Dithmenos
  8192 | D:9      | Found Osaelumm's Jewellery Shoppe.
  8454 | D:9      | Noticed a boulder beetle
  8460 | D:9      | Killed a boulder beetle
  8461 | D:9      | Reached skill level 15 in Stealth
  8493 | D:9      | Reached XP level 11. HP: 53/53 MP: 20/20
  8674 | D:9      | Found a sacrificial altar of Ru.
  8760 | D:9      | Noticed a two-headed ogre
  8780 | D:9      | Killed a two-headed ogre
  8882 | D:10     | Entered Level 10 of the Dungeon
  9198 | D:10     | Noticed a death yak
  9294 | D:10     | Found a staircase to the Lair.
  9294 | D:10     | Noticed a death yak
  9294 | D:10     | Noticed a death yak
  9441 | D:10     | Found a stormy altar of Qazlal.
 10015 | D:10     | Noticed a purple ugly thing
 10031 | D:10     | Killed a purple ugly thing
 10230 | Lair:1   | Entered Level 1 of the Lair of Beasts
 10250 | Lair:1   | Reached skill level 16 in Stealth
 10298 | Lair:1   | Reached *** piety under Dithmenos
 10315 | Lair:1   | Noticed Gastronok
 10414 | Lair:1   | Slain by a komodo dragon

Illustrated notes

Levels and vault maps discovered:
D:1:      giann_bridges, layout_rooms, chequers_ecumenical_altar_simple,
          minmay_misc_feat_cross, minmay_statues_item
D:2:      layout_basic, minmay_split_cup_large
D:3:      layout_rooms, vehumet_statue
D:4:      layout_basic, nicolae_overflow_hidden_temple,
          lemuel_coloured_pillars_altar, serial_undead, serial_undead_f,
          serial_undead_c, serial_undead_b, serial_undead_f, serial_shops, shop,
          glass_columns_a, uniq_ijyb
D:5:      layout_basic, st_stairs_4
D:6:      layout_layer_cave, minitemple, minmay_temple_entry_offerings
D:7:      layout_basic, marbit_many_paths
D:8:      cheibrodos_statue_roulette, layout_loops_cross,
          mainiacjoe_overflow_brackets, serial_aquarium,
          aquarium_bridge_island_small [aquarium_subvault_small_water,
          aquarium_subvault_balcony, aquarium_subvault_bridge,
          aquarium_subvault_wall, aquarium_subvault_bridge], aquarium_window_3,
          aquarium_window_corner, aquarium_window_fake, aquarium_window_fake,
          aquarium_view_2c, aquarium_balcony_1b, aquarium_pool_side, uniq_pikel
D:9:      layout_basic, kennysheep_mini_moat, serial_shops,
          nicolae_shop_pleasant_corner_grove, nicolae_the_louvre
D:10:     layout_basic, grunt_qazlal_clouds, dpeg_lair_monsters, serial_glass,
          glass_columns_b, glass_columns_c, glass_columns_c, glass_columns_a,
          glass_columns_a, glass_columns_a, glass_columns_a, glass_columns_a
Temple:   nicolae_temple_superstar
Lair:1:   hellmonk_destroyed_diamonds, layout_hall_layers,
          maelrawn_ghost_gauntlet_escape, uniq_gastronok

Skill      XL: |  1  2  3  4  5  6  7  8  9 10 11 |
---------------+----------------------------------+-----
Stealth        | 5 6 7 8 9 10 12 13 15 16 | 16.1
Spellcasting   | 3 4 5 6 |  6.4
Hexes          | 4 5 6 8 9 10 11 | 11.8
Short Blades   | 2 3 4 5 6 7 |  7.1
Dodging        | 3 4 5 7 8 |  8.0
Fighting       | 2 3 4 |  4.9
Ice Magic      | 2 3 |  3.4
Invocations    | |  0.7

Action                     |  1- 3 |  4- 6 |  7- 9 | 10-12 || total
---------------------------+-------+-------+-------+-------++-------
  Melee: Dagger            |    72 |       |       |       ||    72
         Short sword       |     2 |    69 |   158 |   213 ||   442
         Punch             |       |       |       |     1 ||     1
   Cast: Ensorcelled Hiber |     6 |     6 |    19 |    39 ||    70
         Confusing Touch   |       |     1 |     2 |     7 ||    10
         Tukima's Dance    |       |       |     9 |     5 ||    14
    Use: Scroll            |     3 |     1 |     2 |     3 ||     9
   Stab: Sleeping          |    10 |    19 |    39 |    39 ||   107
         Distracted        |     1 |       |       |     2 ||     3
         Confused          |       |       |     2 |     8 ||    10
 Armour: Robe              |     7 |     7 |    10 |     6 ||    30
  Dodge: Dodged            |    67 |    42 |    89 |   145 ||   343

Table legend: (Time is in decaauts)
 A = Elapsed time spent in this place.
 B = Non-inter-level travel time spent in this place.
 C = Inter-level travel time spent in this place.
 D = Time resting spent in this place.
 E = Time spent auto-exploring this place.
 F = Levels seen in this place.
 G = Mean time per level.
                   A        B        C        D        E       F      G
               +--------+--------+--------+--------+--------+-----+--------+
         Total |   7083 |   6702 |    381 |    688 |   3123 |  12 |  590.2 |
       Dungeon |   6863 |   6482 |    381 |    635 |   3059 |  10 |  686.3 |
        Temple |     82 |     82 |      0 |      0 |     63 |   1 |   82.0 |
          Lair |    137 |    137 |      0 |     53 |      0 |   1 |  137.0 |
               +--------+--------+--------+--------+--------+-----+--------+

Top non-repeatable levels by time:
     D:6: 980 daAuts
     D:8: 925 daAuts
    D:10: 809 daAuts
     D:7: 767 daAuts
     D:4: 684 daAuts
     D:9: 683 daAuts
     D:5: 655 daAuts
     D:3: 565 daAuts
     D:2: 499 daAuts
     D:1: 293 daAuts
  Lair:1: 137 daAuts
  Temple: 82 daAuts
